 Dungeon Crawl Stone Soup version 0.21.0-24-g2553a3340b (webtiles) character file.

268 Pixllover the Chopper (level 6, -16/82 HPs)
             Began as a Minotaur Berserker on Jan 20, 2018.
             Was a Priest of Trog.
             Demolished by a two-headed ogre
             ... wielding a +0 giant club
              (18 damage)
             ... on level 3 of the Dungeon.
             The game lasted 00:08:30 (2715 turns).

Pixllover the Chopper (Minotaur Berserker)          Turns: 2715, Time: 00:08:31

Health: -16/82     AC: 15    Str: 29    XL:     6   Next: 0%
Magic:  5/5        EV: 10    Int:  4    God:    Trog [***...]
Gold:   238        SH:  0    Dex:  9    Spells: 5/5 levels left

rFire    . . .     SeeInvis .   r - +0 war axe
rCold    . . .     Gourm    .   (no shield)
rNeg     . . .     Faith    .   p - +1 chain mail
rPois    .         Spirit   .   (helmet restricted)
rElec    .         Reflect  .   q - +0 cloak
rCorr    .         Harm     .   e - +0 pair of gloves
MR       .....                  h - +2 pair of boots {Fly}
Stlth    ..........             (no amulet)
HPRegen  0.23/turn              m - ring of flight
MPRegen  0.09/turn              (no ring)

@: berserking, flying, very quick
A: retaliatory headbutt, horns 2
a: Berserk, Trog's Hand, Burn Spellbooks, Renounce Religion, Stop Flying


You were on level 3 of the Dungeon.
You worshipped Trog.
Trog was most pleased with you.
You were hungry.

You visited 1 branch of the dungeon, and saw 3 of its levels.

You collected 238 gold pieces.

Inventory:

Hand Weapons
 a - a +0 hand axe
 r - a +0 war axe (weapon)
Armour
 e - a +0 pair of gloves (worn)
 h - a +2 pair of boots of flying (worn)
 p - a +1 chain mail (worn)
 q - a +0 cloak (worn)
Jewellery
 m - a ring of flight (left hand)
Wands
 u - a wand of iceblast (7)
Scrolls
 f - 2 scrolls of teleportation
 l - 2 scrolls of remove curse
 n - a scroll of enchant armour
Potions
 d - a potion of magic {unknown}
 g - 4 potions of curing
 i - a potion of might {unknown}
 j - 3 potions of lignification {unknown}
 k - a potion of agility
 o - a potion of cancellation {unknown}
 s - a potion of resistance {unknown}
Comestibles
 b - 3 chunks of flesh
 c - 8 rations


   Skills:
 + Level 4.8 Fighting
 + Level 5.9 Axes
 + Level 3.0 Armour
 + Level 3.5 Dodging
 + Level 1.7 Stealth


You had 5 spell levels left.
You didn't know any spells.

Dungeon Overview and Level Annotations

Branches:
Dungeon (3/15)

Altars:
Dithmenos
Trog


Innate Abilities, Weirdness & Mutations

You reflexively headbutt those who attack you in melee.
You have a pair of horns on your head.


Message History

You slash the bush! You slice the plant!! You hit the bush but do no damage.
The adder bites the bush but does no damage.
The two-headed ogre hits you with a giant club!
* * * LOW HITPOINT WARNING * * *
The two-headed ogre hits you with a giant spiked club!
* * * LOW HITPOINT WARNING * * *
You slash the two-headed ogre!
The two-headed ogre is moderately wounded.
You hit the bush but do no damage. You slash the plant! You hit the bush.
The adder bites the bush but does no damage.
You completely miss the two-headed ogre.
The two-headed ogre is moderately wounded.
You hit the bush. You slice the plant!!
You feel the power of Trog in you as your rage grows.
You destroy the plant!
You hit the bush.
The adder bites the bush.
The two-headed ogre hits you with a giant club!
* * * LOW HITPOINT WARNING * * *
The two-headed ogre hits you with a giant spiked club!!
You die...

..........# #.#<......#
.......##.# ###.#.#######.# #
#.####....# ....#.############
..####....# ###.##.#.............
..........###..PP..##############
..####.......P.P.)♣..# ..##
#.####..PP.♣♣♣ ...# #.# ###P...P♣
.#.# #.# ###.@.♣ .#.# #.# ##OP.♣
.#.###.# #S.♣♣ .#..##.# #..P.
.##.##.####### #...P.
###..#.#.....# #...P #
##.#.#.....# ###+?. #.#.#.....#
### #...#.....#


You could see a two-headed ogre and an adder.

Vanquished Creatures
  2 orc priests (D:3)
  Crazy Yiuf (D:3)
  Terence (D:2)
  An orc wizard (D:3)
  3 adders (D:2)
  An ooze (D:3)
  4 worms
  A dart slug (D:1)
  3 leopard geckos
  8 orcs (D:3)
  6 bats
  5 giant cockroaches
  8 goblins
  10 hobgoblins
  7 jackals
  6 kobolds
  2 frilled lizards (D:2)
  5 rats
  A plant (D:3)
75 creatures vanquished.

Notes
Turn   | Place    | Note
-------+----------+-------------------------------------------
     0 | D:1      | Pixllover the Minotaur Berserker began the quest for the Orb.
     0 | D:1      | Reached XP level 1. HP: 19/19 MP: 0/0
   118 | D:1      | Reached XP level 2. HP: 21/27 MP: 1/1
   154 | D:1      | Reached skill level 4 in Axes
   489 | D:1      | Reached XP level 3. HP: 33/33 MP: 2/2
  1020 | D:2      | Reached ** piety under Trog
  1195 | D:2      | Reached XP level 4. HP: 41/41 MP: 3/3
  1208 | D:2      | Found a bloodstained altar of Trog.
  1294 | D:2      | Noticed Terence
  1296 | D:2      | Killed Terence
  1460 | D:2      | Found a shadowy altar of Dithmenos.
  1956 | D:3      | Reached skill level 5 in Axes
  2075 | D:3      | Found a runed door.
  2079 | D:3      | Noticed Crazy Yiuf
  2084 | D:3      | Killed Crazy Yiuf
  2084 | D:3      | Reached XP level 5. HP: 46/47 MP: 4/4
  2515 | D:3      | Reached *** piety under Trog
  2515 | D:3      | Reached skill level 1 in Stealth
  2518 | D:3      | Reached XP level 6. HP: 36/55 MP: 5/5
  2705 | D:3      | Noticed a two-headed ogre
  2715 | D:3      | HP: 2/82 [two-headed ogre/giant club (10)]
  2715 | D:3      | Demolished by a two-headed ogre

Skill      XL: |  1  2  3  4  5 |
---------------+----------------+-----
Fighting       | 4 |  4.8
Axes           | 4 5 |  5.9
Dodging        | 3 |  3.5
Armour         | 3 |  3.0
Stealth        | 1 |  1.7

Action                   |  1- 3 |  4- 6 || total
-------------------------+-------+-------++-------
Melee: Hand axe          |    76 |    46 ||   122
       Headbutt          |    14 |    22 ||    36
       War axe           |       |    72 ||    72
Invok: Berserk           |       |     2 ||     2
Evoke: Wand              |       |     1 ||     1
  Use: Scroll            |     3 |     4 ||     7
       Potion            |       |     1 ||     1
 Stab: Sleeping          |     1 |       ||     1
  Eat: Chunk             |     1 |     6 ||     7
Armor: Animal skin       |    23 |       ||    23
       Chain mail        |       |    63 ||    63
Dodge: Dodged            |    70 |    66 ||   136
